 Dungeon Crawl Stone Soup version 0.16.0-6-gad6103a (webtiles) character file.

143 Nefaurd the Magician (level 5, -3/35 HPs)
             Began as a Demonspawn Wizard on Mar 15, 2015.
             Slain by a killer bee (7 damage)
             ... on level 4 of the Dungeon.
             The game lasted 00:48:48 (4235 turns).

Nefaurd the Magician (Demonspawn Wizard)            Turns: 4235, Time: 00:48:48

Health: -3/35      AC:  3    Str:  7    XL:     5   Next: 4%
Magic:  1/12       EV: 18    Int: 21    God:
Gold:   101        SH:  0    Dex: 11    Spells: 4 memorised, 2 levels left

rFire  . . .     SeeInvis .     B - +0 quarterstaff
rCold  . . .     Clarity  .     a - +0 robe
rNeg   . . .     SustAb   .     (no shield)
rPois  .         Gourm    .     b - +0 hat
rElec  .         Spirit   .     (no cloak)
rCorr  .         Warding  .     (no gloves)
rMut   .         Stasis   .     e - +0 pair of boots
MR     .....                    C - amulet of faith
Stlth  ++........               (no ring)
                                p - +4 ring of evasion

@: very slightly contaminated, not resistant to hostile enchantments, unstealthy
A: antennae 1, repulsion field 1, demonic guardian 1
a: no special abilities


You were on level 4 of the Dungeon.
You were not hungry.

You visited 1 branch of the dungeon, and saw 5 of its levels.

You collected 101 gold pieces.

Inventory:

Hand weapons
 f - a +0 dagger
 g - a +2 dagger of speed
 r - a +0 whip
 v - a -2 short sword
 y - a +0 dagger
 z - a +0 hunting sling
 B - a +0 quarterstaff (weapon)
 H - a +0 trident
Armour
 a - a +0 robe (worn)
 b - a +0 hat (worn)
 e - a +0 pair of boots (worn)
 h - a +0 robe
 n - a +0 ring mail
 u - a +0 scale mail
 F - a +0 scale mail
Jewellery
 p - a +4 ring of evasion (left hand)
 x - a cursed ring of loudness
 C - an amulet of faith (around neck)
Scrolls
 j - a scroll of remove curse
 q - a scroll of blinking {unknown}
 t - a scroll of noise {unknown}
 A - a scroll of enchant weapon {unknown}
 D - 2 scrolls of enchant armour {unknown}
 E - a scroll of random uselessness {unknown}
Potions
 k - a potion of brilliance {unknown}
 l - a potion of cancellation {unknown}
 m - a potion of resistance {unknown}
 o - a potion of curing {unknown}
 w - a potion of magic {unknown}
 G - a potion of flight {unknown}
Books
 c - a book of Minor Magic

   Spells                             Type                      Level
   a - Magic Dart                     Conjuration                  1
   b - Blink                          Translocation                2
   c - Call Imp                       Summoning                    2
   d - Repel Missiles                 Charms/Air                   2
   e - Slow                           Hexes                        2
   f - Conjure Flame                  Conjuration/Fire             3
   g - Mephitic Cloud                 Conjuration/Poison/Air       3
Comestibles
 d - 3 bread rations
 i - a meat ration


   Skills:
 - Level 0.2 Fighting
 * Level 1.1 Staves
 + Level 2.8 Dodging
 + Level 2.4 Stealth
 + Level 3.9 Spellcasting
 + Level 2.1 Conjurations
   Level 1.0 Summonings
 + Level 0.8 Translocations


You had 2 spell levels left.
You knew the following spells:

 Your Spells              Type           Power        Failure   Level  Hunger
a - Magic Dart            Conj           ##..         6%          1    None
b - Conjure Flame         Conj/Fire      #.......     24%         3    ###....
c - Blink                 Tloc           N/A          14%         2    #......
d - Mephitic Cloud        Conj/Pois/Air  #.......     30%         3    ###....


Dungeon Overview and Level Annotations

Branches:
Dungeon (5/15)
 Temple: D:4-7

Altars:


Innate Abilities, Weirdness & Mutations

You have a pair of small antennae on your head.
You are surrounded by a mild repulsion field (EV +2).
A weak demonic guardian rushes to your aid.


Message History

The killer bee misses you.
A giant gecko comes into view.
The killer bee barely misses you.
Your ufetubus hits the killer bee.
Your ufetubus barely misses the killer bee.
The killer bee completely misses you. The killer bee stings your ufetubus.
Your ufetubus is poisoned.
The killer bee poisons your ufetubus!
Your ufetubus hits the killer bee but does no damage.
Your ufetubus misses the killer bee.
Your ufetubus closely misses the killer bee.
Your ufetubus hits the killer bee but does no damage.
The killer bee stings you!
* * * LOW HITPOINT WARNING * * *
The killer bee completely misses something.
The killer bee closely misses you.
The killer bee misses something.
The killer bee stings something!
The killer bee misses you. The killer bee misses you.
The killer bee stings you!
You die...

## ..
###########.#
#.....yr.yy.#
#.####y#.##.#
#y#{# ..
#@#.r ...
#......#.##
##.
#.######l#
#.# #.# ..#


You could see 3 killer bees and a rat.

Vanquished Creatures
  6 adders
  A gnoll (D:4)
  An adder skeleton (D:4)
  A giant gecko (D:2)
  2 oozes (D:1)
  2 orcs (D:3)
  A ball python (D:3)
  2 giant cockroaches
  12 goblins
  8 hobgoblins
  7 jackals
  10 kobolds
  2 quokkas
  4 bats
  5 giant newts
  A quokka skeleton (D:4)
  5 rats
  A plant (D:3)
71 creatures vanquished.

Vanquished Creatures (others)
  An ufetubus (D:4)
1 creature vanquished.

Grand Total: 72 creatures vanquished

Notes
Turn   | Place    | Note
--------------------------------------------------------------
     0 | D:1      | Nefaurd, the Demonspawn Wizard, began the quest for the Orb.
     0 | D:1      | Reached XP level 1. HP: 13/13 MP: 4/4
  1064 | D:1      | Gained mutation: You are surrounded by a mild repulsion field (EV +2). [demonic ancestry]
  1064 | D:1      | Reached XP level 2. HP: 16/19 MP: 1/6
  1655 | D:1      | Gained mutation: You have a pair of small antennae on your head. [demonic ancestry]
  1655 | D:1      | Reached XP level 3. HP: 24/24 MP: 2/8
  1888 | D:2      | Learned a level 3 spell: Conjure Flame
  2631 | D:3      | Reached XP level 4. HP: 30/30 MP: 1/10
  3562 | D:3      | Reached skill level 1 in Staves
  3696 | D:4      | Learned a level 2 spell: Blink
  3713 | D:5      | Entered Level 5 of the Dungeon
  4165 | D:4      | Learned a level 3 spell: Mephitic Cloud
  4184 | D:4      | Gained mutation: A weak demonic guardian rushes to your aid. [demonic ancestry]
  4184 | D:4      | Reached XP level 5. HP: 32/35 MP: 1/12
  4235 | D:4      | Slain by a killer bee

Action                   |  1- 3 |  4- 6 || total
-------------------------+-------+-------++-------
Melee: Unarmed           |     4 |       ||     4
       Dagger            |    59 |       ||    59
       Quarterstaff      |     1 |    62 ||    63
 Cast: Magic Dart        |    63 |    49 ||   112
       Conjure Flame     |     4 |     6 ||    10
       Blink             |       |     7 ||     7
       Mephitic Cloud    |       |     3 ||     3
  Use: Scroll            |     3 |     5 ||     8
 Stab: Sleeping          |     1 |       ||     1
  Eat: Fruit             |     3 |     2 ||     5
       Chunk             |     1 |     2 ||     3
       Pizza             |     1 |       ||     1
       Bread ration      |       |     1 ||     1
